&, neutral male human Tourist ---- --- --- |..-- --.-- --- --.-- |...---...| --.| .....- -- --- ---.......| |..| --.......--.|..| |...| |..-...- ---..| -----...--..........---..... |....|.| --.....-- |.......--................... ---- ---.--|.| |.......---- -.....>...................... |..-- |...| |.|--..^.......| --........................... |...-- ---.--- |.||...........-- |.............-.--.......... --...| |...--- |.||............-----.............||.......... ---.--- ---.....--|.|----...........| |........--.---|.........- |...|--...-....||.| |...........| --.---.|...| ..--.^...- ---...|...|.....--|.|----..-.......-- ---.--- ---...... --.........|.----- |.|........-...).----------...--------....^.. |............| |.|...........(...)f%.`@...................... --.^.^......-- --...------........------....--------...--..... |.........| |..--- --.......- |..--- |..-- -.... --....---- |..| |...<....- ---- |..| -.. ---..| |..| |.--.---. --- --- --- - --- & the Excursionist Experience level: 8 Strength: 10 Dexterity: 13 Constitution: 16 Intelligence: 11 Wisdom: 10 Charisma: 18 Health: 45(45) Energy: 32(32) Def: 11 Gold: 935 Moves: 6051 Dungeon seed: ijCeIF747zCTfZez Game ID: &_1557984718 Your Inventory: Coins $ - 935 gold pieces Weapons a - 16 blessed +2 darts (in quiver) f - a cursed +0 dagger r - a blessed +0 orcish dagger D - 7 uncursed +0 daggers E - an uncursed +3 dagger (weapon in hand) F - 14 cursed +0 darts Q - an uncursed +0 dart R - 7 blessed +0 darts S - the uncursed +0 Sting X - an uncursed +0 silver saber (alternate weapon; not wielded) Armor e - an uncursed +0 Hawaiian shirt (being worn) l - an uncursed +0 dwarvish mithril-coat (being worn) M - a cursed +0 dwarvish iron helm (being worn) N - an uncursed +0 pair of speed boots (being worn) T - an uncursed +2 dwarvish cloak (being worn) Comestibles c - an uncursed clove of garlic d - an uncursed fortune cookie w - 2 uncursed apples B - an uncursed male lizard corpse H - an uncursed food ration Scrolls h - 3 uncursed scrolls of magic mapping K - 2 uncursed scrolls of teleportation O - an uncursed scroll of summoning Potions g - an uncursed potion of extra healing L - a cursed potion of extra healing Rings Z - a cursed ring of teleportation Wands b - an uncursed wand of light (0:7) k - an uncursed wand of sleep (0:5) s - an uncursed wand of speed monster (0:5) I - an uncursed wand of lightning (0:4) Tools j - an uncursed expensive camera (0:49) m - an uncursed tin opener n - an uncursed towel u - an uncursed stethoscope z - a cursed magic lamp A - an uncursed magic whistle C - a cursed tallow candle (0:200) P - an uncursed skeleton key U - a cursed magic lamp (lit) V - an uncursed pair of lenses (being worn) Gems i - an uncursed obsidian stone o - 2 uncursed jasper stones q - an uncursed worthless piece of yellow glass x - an uncursed worthless piece of yellowish brown glass y - 2 uncursed worthless pieces of blue glass W - an uncursed worthless piece of violet glass Y - an uncursed jade stone Spells and supernatural/magical abilities: Name Level Category Cost Memory W - pray for help -- divine ? -- Your skills at the end: Fighting Skills wands [Basic] Weapon Skills dagger [Skilled] dart [Skilled] Spellcasting Skills Final Attributes: You were piously aligned. You were poison resistant. You had automatic searching. You were very fast. The Lady was noncommittal. You are dead. Vanquished creatures: a white dragon a ghost a large mimic a small mimic a warhorse an ettin mummy a freezing sphere 2 shocking spheres a dwarf king 2 tengu a giant beetle 2 wolves a winter wolf cub 2 leprechauns a giant spider a black light 3 gnome kings 2 lizards a chickatrice 2 housecats a dwarf lord a blue jelly a snake a rope golem a soldier ant a bugbear a water nymph 14 Mordor orcs 6 Uruk-hai an orc shaman a rock piercer a rock mole a yellow light 8 gnome lords 2 gnomish wizards a straw golem a paper golem 2 giant ants 3 floating eyes 11 dwarves a homunculus 2 kobold lords a kobold shaman 3 hill orcs 4 rothes a rabid rat a centipede 2 orc zombies a werejackal 4 killer bees 2 acid blobs 2 coyotes a hobbit 2 large kobolds a hobgoblin 7 giant rats a cave spider a brown mold 5 yellow molds 38 gnomes 3 geckos 6 jackals a fox a kobold 3 goblins 7 grid bugs a bat 4 lichens 5 newts 198 creatures vanquished. Voluntary challenges: You had been an atheist until turn 2053. You used a wielded weapon 169 times, starting on turn 825. You read items or engraved 8 times, starting on turn 746. You never genocided any monsters. You never polymorphed an object. You never changed form. You used no wishes. You never split a pudding. You wrote Elbereth's name 1 time, starting on turn 1102. You never violated your personal moral code. Dungeon overview: The Dungeons of Doom: levels 1 to 10 Level 1 some fountains a long staircase Level 2 (vault) a vault stairs to The Gnomish Mines Level 3 (vault) a general store, a vault Level 4 a fountain, a vault Level 5 Level 6 an armor shop, a vault Level 7 a weapon shop Level 8 (food n) a general store, a fountain Level 9 many fountains Level 10 many fountains a long staircase The Gnomish Mines: levels 3 to 8 Level 3 stairs to The Dungeons of Doom Level 4 Level 5 Level 6 many shops, a temple to Blind Io, some fountains Level 7 Level 8 <- You were here History has recorded: On T:1 you entered the Dungeons of Doom to retrieve the Amulet of Yendor! On T:540 you reached level 2 of The Dungeons of Doom. On T:658 you advanced to experience level 2. On T:882 you reached level 3 of The Dungeons of Doom. On T:1051 you reached level 4 of The Dungeons of Doom. On T:1503 you reached level 1 of The Gnomish Mines. On T:1511 you advanced to experience level 3. On T:1623 you advanced to experience level 4. On T:1734 you reached level 2 of The Gnomish Mines. On T:1750 you reached level 3 of The Gnomish Mines. On T:1836 you advanced to experience level 5. On T:2011 you reached level 4 of The Gnomish Mines. On T:2261 you advanced to experience level 6. On T:3287 you reached level 5 of The Dungeons of Doom. On T:3523 you reached level 6 of The Dungeons of Doom. On T:3619 you advanced to experience level 7. On T:3742 you reached level 7 of The Dungeons of Doom. On T:4032 you reached level 8 of The Dungeons of Doom. On T:4375 you reached level 9 of The Dungeons of Doom. On T:4667 you reached level 10 of The Dungeons of Doom. On T:5338 you reached level 5 of The Gnomish Mines. On T:5418 you reached level 6 of The Gnomish Mines. On T:5480 you advanced to experience level 8. Score breakdown: Gold: 609 ( 9474 points) Experience: 8 levels (14739 points) Exploration: 10 levels ( 19.23%) (12602 points) Discoveries: 38 items ( 12.54%) (10624 points) Valuables value: (no points given unless you survive) Artifact value: 800 ( 9877 points) Variety of kills: 69 monsters ( 18.16%) (12783 points) Turncount: 6051 turns (-1636 points) Survival: died (score multiplied by 80%) Total score: 54770 Latest messages: You throw 2 darts. The 1st dart hits the chickatrice! The 2nd dart hits the chickatrice! The warhorse moves only reluctantly. a - 2 blessed +2 darts (in quiver). The large cat drops a thonged club. You displace your warhorse. There are many objects here. (2x) You hear some noises nearby. You have a peculiarly sad feeling for a moment, then it passes. The dart hits the chickatrice! You throw 2 darts. The 1st dart hits the chickatrice. You kill the chickatrice! The large cat picks up a thonged club. You see here a statue of a female warhorse. The large cat drops a thonged club. a - 2 blessed +2 darts (in quiver). You see here a male chickatrice corpse. a - a blessed +2 dart (in quiver). You see here a male chickatrice corpse. Touching the male chickatrice corpse is a fatal mistake... You turn to stone... Final status: Aloha & the Tourist, petrified by picking up a male chickatrice corpse... You turned to stone in The Gnomish Mines on dungeon level 8 with 54770 points, and 935 pieces of gold, after 6051 moves. You were level 8 with a maximum of 45 hit points when you turned to stone.